 Dungeon Crawl Stone Soup version 0.31.0-2-g5a2aebc5c2 (webtiles) character file.

Game seed: 5419016063029545223

434 Strat the Ruffian (level 7, -1/50 HPs)
             Began as a Barachi Shapeshifter on Jan 20, 2024.
             Was an Initiate of Okawaru.
             Slain by a gnoll
             ... wielding a +0 flail
              (5 damage)
             ... on level 5 of the Dungeon.
             The game lasted 00:09:40 (3947 turns).

Strat the Ruffian (Barachi Shapeshifter)            Turns: 3947, Time: 00:09:41

Health: -1/50      AC:  8    Str: 17    XL:     7   Next: 0%
Magic:  7/7        EV:  8    Int: 10    God:    Okawaru [......]
Gold:   310        SH:  0    Dex: 18    Spells: 6/6 levels left

rFire   . .          .
                       - Unarmed
rCold   . . .        (no shield)
rNeg    . . .        l - +0 chain mail
rPois   +            (helmet currently unavailable)
rElec   .            (cloak currently unavailable)
rCorr   .            (gloves currently unavailable)
SInv    .            (boots currently unavailable)
Will    .....        (no amulet) Stlth
                     a - +6 ring of dexterity
HPRegen 0.28/turn    o - ring of poison resistance
MPRegen 0.10/turn

%: no passive effects
@: lethally poisoned (-1 -> -5), beast-form, slow
A: beast (slay +2), amphibious, slowness 1, strong legs 1, +LOS
a: Hop, Begin Untransformation, Renounce Religion


You were on level 5 of the Dungeon.
You worshipped Okawaru.
Okawaru was noncommittal.
You were a hulking beast.
You visited 2 branches of the dungeon, and saw 6 of its levels.

You collected 310 gold pieces.

Inventory:

Hand Weapons
 b - a +3 sling
Armour
 h - a +0 helmet
 l - a +0 chain mail (worn)
 r - a +0 pair of gloves
Jewellery
 a - a +6 ring of dexterity (left hand)
 o - a ring of poison resistance (right hand)
 x - a +6 ring of dexterity
Talismans
 c - a beast talisman
 d - a flux talisman
Wands
 z - a wand of polymorph (10)
Scrolls
 e - 2 scrolls of silence
 f - 3 scrolls of identify {unknown}
 j - 2 scrolls of fear {unknown}
 n - a scroll of enchant armour {unknown}
 q - a scroll of teleportation {unknown}
 t - a scroll of blinking {unknown}
 u - a scroll of poison {unknown}
 y - a scroll of enchant weapon {unknown}
Potions
 m - a potion of lignification
 p - a potion of degeneration {unknown}
 s - a potion of attraction {unknown}
 w - a potion of curing {unknown}


   Skills:
 - Level 2.2 Fighting
 - Level 2.1 Dodging
 * Level 6.9 Unarmed Combat
 + Level 5.0 Shapeshifting


You had 6 spell levels left.
You didn't know any spells.
Your spell library contained the following spells:

 Spells                   Type           Power      Damage    Failure   Level
 Cigotuvi's Dreadful Rot  Necr/Alch/Air  0%         N/A       100%        2
 Dispel Undead            Necr           0%         3d6       100%        4
 Martyr's Knell           Necr/Summ      Unusable   N/A       N/A         4
 Death Channel            Necr           Unusable   N/A       N/A         6

Dungeon Overview and Level Annotations

Branches:
Dungeon (5/15)             Temple (1/1) D:4

Altars:
Ashenzari
Cheibriados
Dithmenos
Fedhas
Gozag
Hepliaklqana
Makhleb
Nemelex Xobeh
Okawaru
Ru
Sif Muna
Trog
Uskayaw
Vehumet
Wu Jian
Xom
The Shining One

Annotations:
D:4 3 runed translucent doors, Rem's ghost, weakling OpCj
D:5 Sigmund


Innate Abilities, Weirdness & Mutations

You are a hulking beast.
Your limbs bulge with bestial killing power. (Slay +2)
You are amphibious.
You cover ground slowly.
You can hop short distances.
You have an extended range of vision and can be seen from far away.


Message History

The throwing net hits you.
You become entangled in the net!
The orc barely misses you.
The orc priest miscasts a cantrip.
There is a stone staircase leading up here.
You see here a throwing net.
You struggle against the net.
The gnoll hits you with a +0 flail! The orc hits you with a +0 hand axe.
You struggle against the net.
The gnoll hits you but does no damage. The orc hits you but does no damage.
You rip the net and break free!
The gnoll barely misses you.
The gnoll throws a throwing net.
The throwing net hits you.
You become entangled in the net!
The orc hits you with a +0 hand axe.
* * * LOW HITPOINT WARNING * * *
You struggle against the net.
The gnoll hits you but does no damage. The orc hits you but does no damage.
The orc hits you from afar with a +2 trident of venom.
* * * LOW HITPOINT WARNING * * *
The orc priest invokes the aid of Beogh against you.
Pain shoots through your body!
* * * LOW HITPOINT WARNING * * *
You struggle against the net.
The gnoll barely misses you.
A gnoll comes into view. It is wielding a +0 flail.
The orc hits you but does no damage. x2
You are poisoned.
You shred the net and break free!
You feel sick.
The gnoll shouts!
The gnoll hits you with a +0 flail.
* * * LOW HITPOINT WARNING * * *
The orc barely misses you.
The orc hits you from afar with a +2 trident of venom!
* * * LOW HITPOINT WARNING * * *
It was a potion of cancellation.
You feel magically purged.
* * * LOW HITPOINT WARNING * * *
You feel sick. The gnoll closely misses you.
The orc hits you but does no damage.
The orc hits you from afar with a +2 trident of venom.
* * * LOW HITPOINT WARNING * * *
* * * LOW HITPOINT WARNING * * *
You feel sick. The gnoll hits you with a +0 flail.
You die...

#.........# #.........#
#.........# #.........#
#.........# #.........#
#.....o...# .# ##.........##.##
.# #........h.....# .
###.......go.g...# ##.
##............o...## #..
##..#......(........#.#.######
####.....#.......#....g#.#.#.....
..........................o......
###....####.#.#####......#o....$.
h....#.........# .....##<#.....
...............# #....##.#>....


You could see an orc priest, 3 gnolls and 2 orcs.

Vanquished Creatures
  A scorpion (D:4)
  A bombardier beetle (D:3)
  2 hounds (D:4)
  An iguana (D:5)
  Ijyb (D:4)
  2 orc wizards (D:3)
  6 adders
  A ribbon worm (D:2)
  A dart slug (D:1)
  12 orcs
  5 endoplasms
  5 giant cockroaches
  5 goblins
  6 hobgoblins
  3 jackals (D:4)
  7 kobolds
  5 quokkas
  12 ball pythons
  10 bats
  4 frilled lizards
  24 rats
114 creatures vanquished.

Notes
Turn   | Place    | Note
-------+----------+-------------------------------------------
     0 | D:1      | Strat the Barachi Shapeshifter began the quest for the Orb.
     0 | D:1      | Reached XP level 1. HP: 15/15 MP: 1/1
   176 | D:1      | Reached XP level 2. HP: 21/21 MP: 2/2
   568 | D:1      | Reached skill level 4 in Unarmed Combat
   568 | D:1      | Reached XP level 3. HP: 27/27 MP: 3/3
   979 | D:2      | You fall into a shaft and drop 1 floor!
   979 | D:3      | Found a shadowy altar of Dithmenos.
   979 | D:3      | Found a shimmering blue altar of Sif Muna.
   980 | D:3      | Found a hide-covered altar of Uskayaw.
  1329 | D:3      | Reached XP level 4. HP: 29/33 MP: 4/4
  1429 | D:3      | Reached skill level 5 in Unarmed Combat
  2043 | D:2      | Reached XP level 5. HP: 38/38 MP: 5/5
  2419 | D:4      | Found a staircase to the Ecumenical Temple.
  3005 | D:4      | Reached skill level 6 in Unarmed Combat
  3005 | D:4      | Reached XP level 6. HP: 44/44 MP: 6/6
  3056 | Temple   | Entered the Ecumenical Temple
  3084 | Temple   | Became a worshipper of Warmaster Okawaru
  3227 | D:4      | Found a runed translucent gate.
  3227 | D:4      | Found a runed translucent gate.
  3227 | D:4      | Found a runed translucent gate.
  3229 | D:4      | Noticed Rem's ghost (weakling OpCj)
  3415 | D:5      | Entered Level 5 of the Dungeon
  3415 | D:5      | Noticed Ijyb
  3428 | D:5      | Noticed Sigmund
  3494 | D:4      | Killed Ijyb
  3699 | D:5      | Noticed a black bear
  3737 | D:5      | Noticed an ice beast
  3745 | D:5      | Reached skill level 5 in Shapeshifting
  3770 | D:4      | Reached XP level 7. HP: 8/50 MP: 7/7
  3947 | D:5      | Slain by a gnoll

Illustrated notes

Levels and vault maps discovered:
D:1:      amcnicky_arrival_choice, layout_loops_ring,
          nicolae_concentric_dashed_squares_mild
D:2:      layout_basic, serial_bayou, serial_bayou_crossing,
          serial_bayou_lake_a, serial_bayou_pond_d, serial_bayou_shore_b,
          minmay_rat_hole
D:3:      layout_basic, nicolae_overflow_hidden_temple, kennysheep_another_room
D:4:      layout_rooms, minmay_temple_entry_junction, ebering_ghost_rock_garden
D:5:      layout_rooms, tgw_kikubaaqudgha, nicolae_overflow_squiral,
          uniq_sigmund, uniq_ijyb, uniq_crazy_yiuf_cottage
Temple:   nicolae_temple_bog_church

Skill      XL: |  1  2  3  4  5  6 |
---------------+-------------------+-----
Fighting       | 2 |  2.2
Unarmed Combat | 4 5 6 |  6.9
Shapeshifting  | 4 5 |  5.0
Dodging        | |  2.1

Action                     |  1- 3 |  4- 6 |  7- 9 || total
---------------------------+-------+-------+-------++-------
  Melee: Unarmed           |    97 |   118 |     4 ||   219
         Punch             |     2 |     5 |       ||     7
   Fire: Sling             |     5 |    77 |       ||    82
    Use: Potion            |       |     5 |     1 ||     6
         Scroll            |       |     1 |       ||     1
 Armour: Animal skin       |    66 |     9 |       ||    75
         Chain mail        |       |   181 |    15 ||   196
         Skin              |       |     7 |       ||     7
  Dodge: Dodged            |    75 |   101 |    10 ||   186
